 Dungeon Crawl Stone Soup version 0.26.1-2-gb8aa6d0cf2 (webtiles) character file.

Game seed: 7657374144283617227

654 Mattiprrivan the Bolt Thrower (level 7, -3/41 HPs)
             Began as an Octopode Hunter on Feb 16, 2021.
             Was a Follower of Hepliaklqana.
             Shot with an arrow by a centaur (16 damage)
             ... on level 5 of the Dungeon.
             The game lasted 00:38:41 (4819 turns).

Mattiprrivan the Bolt Thrower (Octopode Hunter)     Turns: 4819, Time: 00:38:42

Health: -3/41      AC:  1    Str: 12      XL:     7   Next: 54%
Magic:  7/7        EV: 13    Int: 11 (14) God:    Hepliaklqana [*.....]
Gold:   343        SH:  4    Dex: 13      Spells: 6/6 levels left

rFire    . . .     SeeInvis .   a - +3 hand crossbow
rCold    . . .     Faith    .   e - +0 buckler
rNeg     . . .     Spirit   .   (helmet restricted)
rPois    .         Reflect  .   l - amulet of inaccuracy (curse)
rElec    .         Harm     .   (no ring)
rCorr    .         Rampage  .   (no ring)
Will     .....                  (no ring)
Stlth    +++.......             (no ring)
HPRegen  0.13/turn              (no ring)
MPRegen  0.10/turn              (no ring)
                                (no ring)
                                (no ring)

@: no status effects
A: almost no armour, stealthy swim, amphibious, 8 rings, constrict 8, reduced
essence, camouflage 1, gelatinous body 1
a: Renounce Religion, Recall Ancestor, Ancestor Identity


You were on level 5 of the Dungeon.
You worshipped Hepliaklqana.
Hepliaklqana was aware of your devotion.
You visited 1 branch of the dungeon, and saw 5 of its levels.

You collected 343 gold pieces.

Inventory:

Hand Weapons
 a - a +3 hand crossbow (weapon)
 b - a +0 short sword
 o - the +5 long sword of Equivalence {vorpal, rElec rC+ rN+ Dex+2}
   (You found it on level 5 of the Dungeon)

   It inflicts extra damage upon your enemies.
   It affects your dexterity (+2).
   It protects you from cold.
   It insulates you from electricity.
   It protects you from negative energy.
Missiles
 c - 27 bolts (quivered ammo)
 d - 59 poisoned darts
 h - 6 boomerangs
 i - 2 curare-tipped darts
Armour
 e - a +0 buckler (worn)
Jewellery
 l - a cursed amulet of inaccuracy (around mantle)
Wands
 f - a wand of polymorph (6)
 p - a wand of disintegration (9)
Scrolls
 g - a scroll of immolation
 m - a scroll of teleportation
 n - 3 scrolls of identify
Potions
 j - 2 potions of haste
 k - a potion of curing


   Skills:
 * Level 3.2 Fighting
 * Level 1.7(2.0) Short Blades
 * Level 1.3(1.8) Long Blades
 * Level 6.4 Crossbows
 * Level 1.7 Throwing
 * Level 2.8 Dodging
 * Level 3.3 Stealth
 * Level 1.2 Shields
 * Level 1.6 Unarmed Combat
 * Level 1.0 Invocations
 * Level 0.3 Evocations


You had 6 spell levels left.
You didn't know any spells.
Your spell library was empty.

Dungeon Overview and Level Annotations

Branches:
Dungeon (5/15)
 Temple: D:4-7

Altars:
Hepliaklqana


Innate Abilities, Weirdness & Mutations

You cannot wear most types of armour.
You are very stealthy in the water. (Stealth+)
You are amphibious.
You can wear up to eight rings at the same time.
You can use your tentacles to constrict eight enemies at once.
Your skin changes colour to match your surroundings (Stealth+).
Your rubbery body absorbs attacks. (AC +1, EV +1)
Your life essence is reduced to manifest your ancestor. (-10% HP)


Message History

You shoot a bolt. The bolt hits the centaur.
The centaur is almost dead.
The centaur shoots an arrow.
The arrow hits you.
Fire: 28 bolts
Press: ? - help, Q - select action, (/) - cycle Shift-Dir - straight line, f/p - centaur
Aim: a centaur, wielding a +0 shortbow and quivering 13 arrows (almost dead, 62% to hit)
Okay, then.
The centaur shoots an arrow.
The arrow hits you.
The centaur shoots an arrow.
The arrow hits you!
Fire: 28 bolts
Press: ? - help, Q - select action, (/) - cycle Shift-Dir - straight line, f/p - centaur
Aim: a centaur, wielding a +0 shortbow and quivering 11 arrows (almost dead, 62% to hit)
You shoot a bolt. The bolt completely misses the centaur.
The centaur shoots an arrow.
The arrow hits you!
* * * LOW HITPOINT WARNING * * *
A howler monkey skeleton comes into view.
Impisi barely misses the centaur.
The centaur shoots an arrow.
The arrow barely misses you.
You feel better.
The centaur shoots an arrow.
The arrow hits you!
You die...

#..# ##.# #.#
####( #.#
)..cZ.
#.##$..R..
####..#......
#..........#
#..........#
#....@.....#
#..........#
#..(.......#
#..†.......#
#8P........#
#.P.[....(.#
#.P........#
#..........#
############


You could see the friendly Impisi the ancestor, a centaur and a howler monkey
skeleton.

Vanquished Creatures
  Sigmund (D:3)
  A scorpion (D:3)
  An orc priest (D:4)
  2 worker ants (D:4)
  Natasha (thrice) (D:2)
  Terence (D:2)
  An iguana (D:4)
  4 adders (D:4)
  A white imp (D:5)
  2 oozes
  An adder zombie (D:5)
  5 worms
  A dart slug (D:1)
  2 leopard geckos (D:3)
  6 orcs (D:4)
  7 giant cockroaches
  9 goblins
  6 hobgoblins
  6 jackals
  7 kobolds
  2 quokkas
  A ball python (D:1)
  12 bats
  5 frilled lizards
  A hobgoblin zombie (D:4)
  A kobold zombie (D:4)
  2 orc zombies (D:4)
  3 rats
94 creatures vanquished.

Vanquished Creatures (collateral kills)
  A worker ant (D:4)
  A mummy (D:4)
  A howler monkey zombie (D:5)
  2 adders (D:3)
  A giant cockroach (D:4)
  A hobgoblin (D:3)
  2 quokkas (D:3)
  A bat (D:3)
  A kobold (D:3)
11 creatures vanquished.

Vanquished Creatures (others)
  An ancestor (D:3)
1 creature vanquished.

Grand Total: 106 creatures vanquished

Notes
Turn   | Place    | Note
-------+----------+-------------------------------------------
     0 | D:1      | Mattiprrivan the Octopode Hunter began the quest for the
                  | Orb.
     0 | D:1      | Reached XP level 1. HP: 14/14 MP: 1/1
   174 | D:1      | Reached XP level 2. HP: 19/19 MP: 2/2
   494 | D:1      | Reached XP level 3. HP: 24/24 MP: 3/3
   718 | D:2      | Noticed Terence
   724 | D:2      | Killed Terence
   761 | D:2      | Reached XP level 4. HP: 29/29 MP: 4/4
  1349 | D:2      | Noticed Natasha
  1353 | D:2      | Killed Natasha
  1354 | D:2      | Reached skill level 1 in Short Blades
  1354 | D:2      | Reached skill level 5 in Crossbows
  1742 | D:2      | Noticed Natasha
  1751 | D:2      | HP: 1/30 [Natasha (4)]
  2112 | D:2      | Killed Natasha
  2113 | D:2      | Reached XP level 5. HP: 31/35 MP: 5/5
  2240 | D:2      | Noticed Natasha
  2248 | D:2      | Killed Natasha
  2500 | D:3      | Found a hazy altar of Hepliaklqana.
  2505 | D:3      | Became a worshipper of Hepliaklqana the Forgotten
  2532 | D:3      | Reached skill level 1 in Unarmed Combat
  2536 | D:3      | Reached skill level 1 in Throwing
  2539 | D:3      | Reached XP level 6. HP: 32/36 MP: 6/6
  2742 | D:3      | Found a faded altar of an unknown god.
  3034 | D:3      | Noticed Sigmund
  3072 | D:3      | Killed Sigmund
  3073 | D:3      | Reached skill level 1 in Long Blades
  3073 | D:3      | Reached skill level 6 in Crossbows
  3073 | D:3      | Reached skill level 1 in Shields
  3430 | D:4      | Reached XP level 7. HP: 40/40 MP: 7/7
  3980 | D:4      | Reached skill level 1 in Invocations
  4047 | D:4      | Reached * piety under Hepliaklqana
  4570 | D:5      | Entered Level 5 of the Dungeon
  4581 | D:5      | Got a translucent long sword
  4582 | D:5      | Identified the +5 long sword of Equivalence {vorpal, rElec
                  | rC+ rN+ Dex+2} (You found it on level 5 of the Dungeon)
  4646 | D:5      | Noticed Ijyb
  4650 | D:5      | Noticed Ijyb
  4650 | D:5      | Ijyb changed into Ijyb the ooze
  4652 | D:5      | Killed Ijyb the ooze
  4819 | D:5      | Shot with an arrow by a centaur

Illustrated notes

Levels and vault maps discovered:
D:1:      wheals_arrival_shading, layout_basic, st_stairs_2
D:2:      layout_loops_corners, uniq_terence, uniq_natasha
D:3:      layout_basic, nzn_hepliaklqana_mist_gate,
          chequers_ecumenical_altar_simple_redux, kennysheep_nondescript,
          minmay_surrounded, uniq_sigmund
D:4:      layout_basic, minmay_mini_ossuary
D:5:      layout_rooms, general_overflow_altar,
          minmay_temple_entry_glassed_door, serial_undead, serial_undead_f,
          serial_undead_c, serial_undead_c, serial_undead_f, uniq_ijyb

Skill      XL: |  1  2  3  4  5  6  7 |
---------------+----------------------+-----
Stealth        | 2 3 |  3.3
Short Blades   | 1 |  1.7
Crossbows      | 5 6 |  6.4
Unarmed Combat | 1 |  1.6
Throwing       | 1 |  1.7
Long Blades    | 1 |  1.3
Shields        | 1 |  1.2
Fighting       | 3 |  3.2
Invocations    | 1 |  1.0
Dodging        | |  2.8
Evocations     | |  0.3

Action                   |  1- 3 |  4- 6 |  7- 9 || total
-------------------------+-------+-------+-------++-------
Melee: Short sword       |       |     1 |     2 ||     3
       Constrict         |       |       |     1 ||     1
       Tentacles         |       |       |     1 ||     1
 Fire: Hand crossbow     |    51 |   127 |    69 ||   247
Invok: Ancestor Identity |       |     1 |       ||     1
Evoke: Wand              |       |       |     3 ||     3
  Use: Scroll            |     5 |     3 |     4 ||    12
       Potion            |     2 |     7 |     6 ||    15
Armor: Skin              |     1 |     4 |     1 ||     6
Dodge: Dodged            |     6 |    43 |     8 ||    57
Block: Buckler           |       |     9 |     6 ||    15
